 Dungeon Crawl Stone Soup version 0.31-a0-986-g5e6e4ef867 (webtiles) character file.

Game seed: 2610843415257321584

2151 DocClef the Cutter (level 9, -2/44 HPs)
             Began as a Vine Stalker Shapeshifter on Nov 7, 2023.
             Was a Believer of Trog.
             Slain by a gnoll sergeant
             ... wielding a +0 spear
              (11 damage)
             ... on level 7 of the Dungeon.
             The game lasted 00:07:54 (4114 turns).

DocClef the Cutter (Vine Stalker Shapeshifter)      Turns: 4114, Time: 00:07:55

Health: -2/44      AC:  6    Str: 24    XL:     9   Next: 31%
Magic:  0/10       EV: 12    Int: 10    God:    Trog [**....]
Gold:   288        SH:  0    Dex: 17    Spells: 8/8 levels left

rFire   . . .        m - +2 dagger (freeze)
rCold   . . .        (no shield)
rNeg    . . .        A - +1 ring mail {rPois}
rPois   +            (helmet currently unavailable)
rElec   .            (cloak currently unavailable)
rCorr   +            (gloves currently unavailable)
SInv    .            (boots currently unavailable)
Will    +....        (no amulet)
Stlth   +            k - ring of resist corrosion
HPRegen 1.07/turn    r - +6 ring of strength
MPRegen 0.12/turn

%: guardian spirit
@: beast-form
A: beast (slay +2), fangs 3, regeneration 1, magic shield, antimagic bite, no
potion heal 2
a: Begin Untransformation, Renounce Religion, Berserk, Trog's Hand


You were on level 7 of the Dungeon.
You worshipped Trog.
Trog was pleased with you.
You were a hulking beast.
You visited 2 branches of the dungeon, and saw 8 of its levels.

You collected 288 gold pieces.

Inventory:

Hand Weapons
 m - a +2 dagger of freezing (weapon)
 w - the +5 Force Lance {heavy, knockback}
   (You found it on level 2 of the Dungeon)
Missiles
 v - a throwing net
Armour
 a - a +0 animal skin
 A - a +1 ring mail of poison resistance (worn)
Jewellery
 g - a ring of willpower
 k - a ring of resist corrosion (left hand)
 r - a +6 ring of strength (right hand)
Talismans
 c - a beast talisman
 d - a flux talisman
 y - a granite talisman
Wands
 x - a wand of polymorph (9)
 C - a wand of digging (5)
Scrolls
 e - 3 scrolls of vulnerability {unknown}
 h - 3 scrolls of revelation {unknown}
 j - 6 scrolls of poison {unknown}
 l - 4 scrolls of teleportation {unknown}
 n - a scroll of butterflies {unknown}
 o - 2 scrolls of fear {unknown}
 s - 3 scrolls of immolation {unknown}
 t - a scroll of enchant armour {unknown}
 u - 3 scrolls of enchant weapon {unknown}
 z - 2 scrolls of identify {unknown}
 D - a scroll of amnesia {unknown}
 E - a scroll of silence {unknown}
Potions
 b - a potion of lignification
 f - a potion of attraction {unknown}
 i - 2 potions of curing {unknown}
 p - 4 potions of heal wounds {unknown}
 q - a potion of ambrosia {unknown}
 B - a potion of might {unknown}
 F - a potion of enlightenment {unknown}


   Skills:
 - Level 3.3 Fighting
 + Level 6.6 Short Blades
 - Level 6.2 Polearms
 - Level 3.4 Dodging
 - Level 3.0 Unarmed Combat
 - Level 4.4 Shapeshifting


You had 8 spell levels left.
You didn't know any spells.
Your spell library contained the following spells:

 Spells                   Type           Power      Damage    Failure   Level
 Necrotise                Necr           0%         1d4       52%         1
 Vampiric Draining        Necr           0%         2d6       87%         3
 Agony                    Necr           0%         N/A       100%        5


Dungeon Overview and Level Annotations

Branches:
Dungeon (7/15)             Temple (1/1) D:4

Altars:
Ashenzari
Cheibriados
Dithmenos
Elyvilon
Fedhas
Gozag
Kikubaaqudgha
Makhleb
Nemelex Xobeh
Okawaru
Qazlal
Ru
Trog
Uskayaw
Vehumet
Wu Jian
Xom

Shops:
D:4 *(

Annotations:
D:5 1 runed translucent door, Crazy Yiuf


Innate Abilities, Weirdness & Mutations

You are a hulking beast.
Your limbs bulge with bestial killing power. (Slay +2)
You have razor-sharp teeth.
Your natural rate of healing is unusually fast.
When hurt, damage is shared between your health and your magic reserves.
Your bite disrupts and absorbs the magic of your enemies.
Potions cannot restore your health.


Message History

The gnoll sergeant is heavily wounded.
The gnoll hits you but does no damage. The gnoll barely misses you.
The gnoll sergeant misses you.
You barely miss the gnoll sergeant.
The gnoll sergeant is heavily wounded.
The gnoll barely misses you. x2
The gnoll sergeant blocks your attack.
Your bite misses the gnoll sergeant.
The gnoll sergeant is heavily wounded.
The gnoll hits you with a +0 whip.
The gnoll hits you from afar with a +0 halberd.
The gnoll sergeant closely misses you. The gnoll hits you but does no damage.
You hit the gnoll sergeant but do no damage.
You bite the gnoll sergeant, but do no damage.
The gnoll sergeant is heavily wounded.
You hit the gnoll sergeant but do no damage.
You bite the gnoll sergeant. You drain its power.
You feel invigorated.
The gnoll sergeant is heavily wounded.
The gnoll hits you but does no damage. The gnoll hits you with a +0 flail.
The gnoll closely misses you.
The gnoll hits you from afar with a +0 halberd!
The gnoll sergeant hits you with a +0 spear.
You hit the gnoll sergeant. You freeze the gnoll sergeant.
Your bite misses the gnoll sergeant.
The gnoll sergeant is severely wounded.
The gnoll hits you with a +0 flail! The gnoll completely misses you.
The gnoll misses you.
The gnoll sergeant hits you with a +0 spear!
The gnoll hits you with a +0 spear!
* * * LOW HITPOINT WARNING * * *
The gnoll sergeant hits you with a +0 spear.
* * * LOW HITPOINT WARNING * * *
The gnoll hits you from afar with a +0 spear.
* * * LOW HITPOINT WARNING * * *
Things that are here:
a +0 flail; a gnoll corpse The gnoll sergeant misses you.
Unknown command.
The gnoll sergeant attacks as it pursues you!
The gnoll sergeant hits you from afar with a +0 spear!
You die...

# ###### .. #..... ...
#..... .... #.....
.....########### #....(
........g......########.....
.......g)ggh.#..........##.#
......g#####.........>.###.#
.....#. ###.........# #.#
.... .. #.........# ..# ###
#.. ##........# .## #..
#####.####.# #.# #.# . #.
#.# . #.. ##


You could see a gnoll sergeant and 4 gnolls.

Vanquished Creatures
  A wyvern (D:6)
  Eustachio (D:5)
  Menkaure (D:4)
  A water moccasin (D:6)
  A sky beast (D:6)
  2 ice beasts
  A black bear (D:7)
  An ogre (D:6)
  2 centaurs
  A phantom (D:4)
  2 kobold brigands
  Blork the orc (D:5)
  A scorpion (D:6)
  2 howler monkeys (D:6)
  2 orc priests
  3 iguanas
  9 orc wizards
  Robin (D:2)
  5 gnolls
  5 adders
  A white imp (D:6)
  A worm (D:2)
  7 dart slugs
  28 orcs
  7 ball pythons
  7 endoplasms
  11 goblins
  10 hobgoblins
  11 kobolds
  5 quokkas
  3 training dummies (D:4)
  6 bats
  4 rats
144 creatures vanquished.

Notes
Turn   | Place    | Note
-------+----------+-------------------------------------------
     0 | D:1      | DocClef the Vine Stalker Shapeshifter began the quest for
                  | the Orb.
     0 | D:1      | Reached XP level 1. HP: 9/9 MP: 2/2
     6 | D:1      | Reached skill level 1 in Fighting
    70 | D:1      | Reached XP level 2. HP: 14/14 MP: 3/3
   290 | D:1      | Reached XP level 3. HP: 18/18 MP: 4/4
   398 | D:2      | Found the +5 Force Lance {heavy, knockback}
   530 | D:2      | Noticed Robin
   560 | D:2      | Killed Robin
   561 | D:2      | Reached XP level 4. HP: 23/23 MP: 5/5
   632 | D:2      | Reached skill level 1 in Short Blades
  1645 | D:3      | Reached XP level 5. HP: 26/26 MP: 3/6
  1846 | D:4      | Noticed Menkaure
  1873 | D:4      | Killed Menkaure
  1874 | D:4      | Reached XP level 6. HP: 10/32 MP: 3/7
  1879 | D:4      | Found a staircase to the Ecumenical Temple.
  1889 | Temple   | Entered the Ecumenical Temple
  1908 | Temple   | Became a worshipper of Trog the Wrathful
  1956 | D:4      | Reached XP level 7. HP: 30/36 MP: 6/8
  2056 | D:4      | Found Molups's Firing Range.
  2213 | D:4      | Found Diq Wotug's Assorted Antiques.
  2491 | D:5      | Entered Level 5 of the Dungeon
  2494 | D:5      | Noticed Eustachio
  2500 | D:5      | Reached skill level 1 in Polearms
  2558 | D:4      | Reached * piety under Trog
  2681 | D:5      | Found a runed translucent door.
  2684 | D:5      | Noticed Crazy Yiuf
  2713 | D:5      | HP: 1/36 [gnoll/+0 spear (3)]
  2754 | D:5      | Noticed Blork the orc
  2770 | D:5      | Killed Blork the orc
  2832 | D:5      | Gained mutation: You have razor-sharp teeth. [Vine Stalker
                  | growth]
  2832 | D:5      | Reached XP level 8. HP: 40/40 MP: 9/9
  2910 | D:5      | Killed Eustachio
  2911 | D:5      | Reached skill level 5 in Polearms
  3429 | D:6      | Reached ** piety under Trog
  3658 | D:6      | Reached skill level 5 in Short Blades
  3658 | D:6      | Reached XP level 9. HP: 44/44 MP: 10/10
  4114 | D:7      | Slain by a gnoll sergeant

Illustrated notes

Levels and vault maps discovered:
D:1:      minmay_arrival_glassed_features, layout_loops_ring,
          shapermc_ecumenical_altar_totnotflames
D:2:      layout_loops_ring, columned_hall_lemuel, grunt_decor_resistance,
          st_stairs_8, uniq_robin
D:3:      layout_loops_ring, minmay_surrounded
D:4:      layout_cave_pools, minmay_temple_entry_drinking_statues, serial_shops,
          shop, minmay_fountain_box, nicolae_shop_firing_range, uniq_menkaure
D:5:      layout_cave_pools, kennysheep_small_spiral, uniq_blork_the_orc,
          uniq_crazy_yiuf_cottage, uniq_eustachio
D:6:      lemuel_ice_spiral_2, layout_basic
D:7:      layout_rooms, minitemple, hangedman_decor_peaks_small
Temple:   sentei_temple_godly_chess

Skill      XL: |  1  2  3  4  5  6  7  8  9 |
---------------+----------------------------+-----
Fighting       | 1 2 3 |  3.3
Dodging        | 2 3 |  3.4
Short Blades   | 1 2 5 6 |  6.6
Shapeshifting  | 4 |  4.4
Polearms       | 4 6 |  6.2
Unarmed Combat | |  3.0

Action                     |  1- 3 |  4- 6 |  7- 9 || total
---------------------------+-------+-------+-------++-------
  Melee: Unarmed           |    18 |       |       ||    18
         Bite              |    18 |    25 |    75 ||   118
         Dagger            |    67 |   110 |   205 ||   382
         Punch             |     2 |     5 |     5 ||    12
         Lance             |       |       |    16 ||    16
   Stab: Sleeping          |     2 |     2 |       ||     4
 Armour: Animal skin       |    38 |    54 |   101 ||   193
         Ring mail         |       |       |    60 ||    60
  Dodge: Dodged            |    44 |    76 |   167 ||   287

Table legend: (Time is in decaauts)
 A = Elapsed time spent in this place.
 B = Non-inter-level travel time spent in this place.
 C = Inter-level travel time spent in this place.
 D = Time resting spent in this place.
 E = Time spent auto-exploring this place.
 F = Levels seen in this place.
 G = Mean time per level.
                   A        B        C        D        E       F      G
               +--------+--------+--------+--------+--------+-----+--------+
         Total |   4080 |   3847 |    233 |     76 |   2822 |   8 |  510.0 |
       Dungeon |   4051 |   3821 |    230 |     76 |   2808 |   7 |  578.7 |
        Temple |     28 |     25 |      3 |      0 |     14 |   1 |   28.0 |
               +--------+--------+--------+--------+--------+-----+--------+

Top non-repeatable levels by time:
     D:2: 964 daAuts
     D:6: 759 daAuts
     D:5: 684 daAuts
     D:4: 649 daAuts
     D:3: 613 daAuts
     D:1: 304 daAuts
     D:7: 75 daAuts
  Temple: 28 daAuts
